 Dungeon Crawl Stone Soup version 0.27-a0-637-g3a9f0a9c12 (webtiles) character file.

Game seed: 5354488083320560456

0 tilp the Insei (level 1, -1/13 HPs)
             Began as an Octopode Transmuter on Mar 14, 2021.
             Slain by a jackal (2 damage)
             ... on level 1 of the Dungeon.
             The game lasted 00:00:24 (137 turns).

tilp the Insei (Octopode Transmuter)                 Turns: 137, Time: 00:00:24

Health: -1/13      AC:  1    Str:  9    XL:     1   Next: 10%
Magic:  2/3        EV: 13    Int: 15    God:
Gold:   0          SH:  0    Dex: 12    Spells: 3/4 levels left

rFire    . . .     SeeInvis .     - Unarmed
rCold    . . .     Faith    .   (no shield)
rNeg     . . .     Spirit   .   (helmet currently unavailable)
rPois    .         Reflect  .   (no amulet)
rElec    .         Harm     .   (no ring)
rCorr    .         Rampage  .   (no ring)
Will     .....                  (no ring)
Stlth    ++........             (no ring)
HPRegen  0.04/turn              (no ring)
MPRegen  0.08/turn              (no ring)
                                (no ring)
                                (no ring)

@: appendages
A: tentacle spike 3, almost no armour, amphibious, 8 rings, camouflage 1,
gelatinous body 1, nimble swimmer 1, tentacles
a: End Transformation


You were on level 1 of the Dungeon.
One of your tentacles had grown a beastly spike.
You visited 1 branch of the dungeon, and saw 1 of its levels.

Inventory:

Scrolls
 a - a scroll of immolation {unknown}


   Skills:
 - Level 1.0 Fighting
 - Level 2.0 Dodging
 * Level 0.4 Stealth
 - Level 3.0 Unarmed Combat
 - Level 2.0 Spellcasting
 - Level 2.0 Transmutations


You had 3 spell levels left.
You knew the following spells:

 Your Spells              Type           Power      Damage    Failure   Level
a - Beastly Appendage     Tmut           14%        N/A       10%         1

Your spell library contained the following spells:

 Spells                   Type           Power      Damage    Failure   Level
 Wereblood                Tmut           7%         N/A       14%         2
 Spider Form              Tmut/Pois      2%         N/A       41%         3
 Ice Form                 Ice/Tmut       4%         N/A       82%         4
 Blade Hands              Tmut           3%         N/A       95%         5


Dungeon Overview and Level Annotations

Branches:
Dungeon (1/15)

Altars:


Innate Abilities, Weirdness & Mutations

One of your tentacles has grown a beastly spike.
You cannot wear most types of armour.
You are amphibious.
You can wear up to eight rings at the same time.
Your skin changes colour to match your surroundings (Stealth+).
Your rubbery body absorbs attacks. (AC +1, EV +1)
You are stealthy while swimming. (Stealth+)
You have tentacles for arms and can constrict up to eight enemies at once.


Message History

The jackal barely misses you.
You release your grip on the jackal.
The jackal bites you. x2
The jackal bites you.
Casting: Beastly Appendage (safe; 10% risk of failure)
Confirm with . or Enter, or press ? or * to list all spells.
One of your tentacles grows a vicious spike.
The jackal bites you.
* * * LOW HITPOINT WARNING * * *
You tentacle-slap the jackal. You grab the jackal.
The jackal is moderately wounded.
You constrict the jackal, but do no damage.
The jackal escapes!
The jackal closely misses you.
You barely miss the jackal. Your grab misses the jackal.
Your tentacle spike misses the jackal.
The jackal is moderately wounded.
The jackal misses you. The jackal barely misses you. The jackal bites you.
* * * LOW HITPOINT WARNING * * *
You tentacle-slap the jackal but do no damage.
You grab the jackal.
The jackal is moderately wounded.
You constrict the jackal. The jackal completely misses you.
The jackal closely misses you. The jackal bites you.
* * * LOW HITPOINT WARNING * * *
Unknown command.
You release your grip on the jackal.
Your transformation is almost over.
The jackal barely misses you.
Casting: Beastly Appendage (safe; 10% risk of failure)
Confirm with . or Enter, or press ? or * to list all spells.
You extend your transformation's duration.
The jackal barely misses you.
You closely miss the jackal. Your grab misses the jackal.
Your tentacle-slap misses the jackal.
Your squeeze misses the jackal.
The jackal is heavily wounded.
The jackal barely misses you.
The frilled lizard hisses angrily.
You tentacle-slap the jackal. You grab the jackal.
The jackal is severely wounded.
You constrict the jackal. The jackal bites you.
You die...

##.#######.###### #...###
##.# #.# #... ...# #.#
#...## #### ##+## ##.. รท##
##...## #..# ..# ##
##.....## #.)##..# ## .###
##.......## #......#...
...###.........###h......###
..#..'.........'@hhh........
.###.#.........####l..##.##
..######......## ##......#
### #.....## ##.....#
##...## ###.###.# ##+##
#h....# # ###.###.#
.#.######..l..#...
....l.....###.# .##


You could see 4 jackals and a frilled lizard.

Vanquished Creatures
  A frilled lizard (D:1)
1 creature vanquished.

Vanquished Creatures (others)
  9 plants (D:1)
9 creatures vanquished.

Grand Total: 10 creatures vanquished

Notes
Turn   | Place    | Note
-------+----------+-------------------------------------------
     0 | D:1      | tilp the Octopode Transmuter began the quest for the Orb.
     0 | D:1      | Reached XP level 1. HP: 13/13 MP: 3/3
   137 | D:1      | Slain by a jackal

Illustrated notes

Levels and vault maps discovered:
D:1:      amcnicky_arrival_wind_blow, layout_loops_corners,
          hangedman_abyss_or_decor_stabs, minmay_lizard_king

Action                   || total
-------------------------++-------
Melee: Unarmed           ||     7
       Constrict         ||     4
 Cast: Beastly Appendage ||     2
 Stab: Sleeping          ||     1
Dodge: Dodged            ||    11

Table legend: (Time is in decaauts)
 A = Elapsed time spent in this place.
 B = Non-inter-level travel time spent in this place.
 C = Inter-level travel time spent in this place.
 D = Time resting spent in this place.
 E = Time spent auto-exploring this place.
 F = Levels seen in this place.
 G = Mean time per level.
                   A        B        C        D        E       F      G
               +--------+--------+--------+--------+--------+-----+--------+
         Total |    136 |    136 |      0 |      0 |    106 |   1 |  136.0 |
       Dungeon |    136 |    136 |      0 |      0 |    106 |   1 |  136.0 |
               +--------+--------+--------+--------+--------+-----+--------+

Top non-repeatable levels by time:
     D:1: 136 daAuts
